 Dungeon Crawl Stone Soup version 0.22.1-2-g9c5b331 (webtiles) character file.

130 Epollo79 the Ducker (level 4, -4/23 HPs)
             Began as a Spriggan Warper on Nov 12, 2018.
             Slain by a hound (5 damage)
             ... on level 4 of the Dungeon on Nov 20, 2018.
             The game lasted 00:03:43 (1710 turns).

Epollo79 the Ducker (Spriggan Warper)               Turns: 1710, Time: 00:03:44

Health: -4/23      AC:  2    Str:  7    XL:     4   Next: 90%
Magic:  9/9        EV: 19    Int:  9    God:
Gold:   55         SH:  0    Dex: 12    Spells: 9/9 levels left

rFire    . . .     SeeInvis +   r - +6 trident "Nairesho" {freeze, rElec rC+++ Int-5 Dex-4}
rCold    + + +     Gourm    .   (shield currently unavailable)
rNeg     . . .     Faith    .   b - +0 robe
rPois    .         Spirit   .   (helmet restricted)
rElec    +         Reflect  .   (no cloak)
rCorr    .         Harm     .   (gloves unavailable)
MR       .....                  (boots unavailable)
Stlth    ++........             (no amulet)
HPRegen  0.07/turn              (no ring)
MPRegen  0.11/turn              (no ring)

@: very quick
A: very small, unfitting armour, see invisible, herbivore, speed 3, slow
metabolism 2
a: no special abilities


You were on level 4 of the Dungeon.
You were not hungry.

You visited 1 branch of the dungeon, and saw 4 of its levels.

You collected 55 gold pieces.

Inventory:

Hand Weapons
 a - a +0 short sword
 r - the +6 trident "Nairesho" (weapon) {freeze, rElec rC+++ Int-5 Dex-4}
   (You found it on level 4 of the Dungeon)

   It has been specially enchanted to freeze those struck by it, causing extra
   injury to most foes and up to half again as much damage against particularly
   susceptible opponents.
   It can also slow down cold-blooded creatures.
   It affects your intelligence (-5).
   It affects your dexterity (-4).
   It renders you almost immune to cold.
   It insulates you from electricity.
Missiles
 e - 5 tomahawks of dispersal (quivered)
 l - 2 tomahawks
Armour
 b - a +0 robe (worn)
Jewellery
 n - an uncursed amulet of guardian spirit {unknown}
Scrolls
 c - 2 scrolls of remove curse {unknown}
 d - a scroll of blinking
 g - 2 scrolls of magic mapping {unknown}
 j - 3 scrolls of identify {unknown}
 p - a scroll of amnesia {unknown}
Potions
 h - a potion of berserk rage {unknown}
 i - 2 potions of ambrosia {unknown}
 k - a potion of lignification {unknown}
 m - a potion of agility {unknown}
 o - 2 potions of curing {unknown}
 q - a potion of invisibility {unknown}
 s - a potion of resistance {unknown}
Comestibles
 f - 3 rations


   Skills:
 + Level 2.1 Fighting
 + Level 3.2 Short Blades
 + Level 0.5 Polearms
 + Level 1.1 Throwing
 + Level 4.6 Dodging
 * Level 3.6 Stealth
 + Level 3.1 Spellcasting
   Level 4.4 Translocations


You had 9 spell levels left.
You didn't know any spells.
Your spell library contained the following spells:

 Spells                   Type           Power        Failure   Level  Hunger
 Blink                    Tloc           N/A          8%          2    ###....
 Gell's Gravitas          Tloc           #.........   14%         3    ####...
 Lesser Beckoning         Tloc           #.........   14%         3    ####...
 Teleport Other           Tloc           #.......     14%         3    ####...
 Shroud of Golubria       Chrm/Tloc      #.........   19%         2    ###....
 Passage of Golubria      Tloc           N/A          43%         4    #####..


Dungeon Overview and Level Annotations

Branches:
Dungeon (4/15)
 Temple: D:4-7

Altars:
Dithmenos
Makhleb


Innate Abilities, Weirdness & Mutations

You are very small and have problems with some larger weapons.
You are too small for most types of armour.
You have supernaturally acute eyesight. (SInv)
You are a herbivore.
You cover ground extremely quickly.
You need to consume almost no food.


Message History

* * * LOW HITPOINT WARNING * * *
You barely miss the hound. The hound misses you. x2
You miss the hound. The hound bites you.
* * * LOW HITPOINT WARNING * * *
You barely miss the hound. The hound barely misses you. The hound misses you.
You miss the hound. The hound closely misses you.
The hound completely misses you.
You barely miss the hound. The hound closely misses you. x2
You closely miss the hound. The hound completely misses you.
The hound barely misses you.
You puncture the hound! You freeze the hound.
The hound is severely wounded.
The hound completely misses you. The hound misses you.
You closely miss the hound.
The hound is severely wounded.
The hound barely misses you. The hound misses you.
You barely miss the hound.
The hound is severely wounded.
The hound bites you.
You die...

#########...
#........... #.......<#
#........# #........#
.#####........########
..............##.....##.
.#####........#.........
.# #........%.@h......
.# #..%#####..?.......
.## ##.### #..........
..###..# #..(.......
......## #..........
....### #.....#####
##### ##...## ##.## ##
.#


You could see a hound.

Vanquished Creatures
  A hound (D:4)
  An iguana (D:4)
  A worker ant (D:4)
  A hound skeleton (D:4)
  An adder (D:4)
  2 leopard geckos
  An orc (D:3)
  A bat (D:1)
  3 giant cockroaches
  2 goblins
  5 hobgoblins
  A kobold (D:1)
  2 quokkas (D:3)
  A ball python (D:1)
  4 rats (D:1)
27 creatures vanquished.

Notes
Turn   | Place    | Note
-------+----------+-------------------------------------------
     0 | D:1      | Epollo79 the Spriggan Warper began the quest for the Orb.
     0 | D:1      | Reached XP level 1. HP: 10/10 MP: 5/5
   449 | D:1      | Reached XP level 2. HP: 12/15 MP: 6/6
   576 | D:1      | Reached skill level 1 in Stealth
  1419 | D:3      | Found a burning altar of Makhleb.
  1459 | D:3      | Found a shadowy altar of Dithmenos.
  1586 | D:4      | Got a brightly glowing trident
  1602 | D:4      | Identified the +6 trident "Nairesho" {freeze, rElec rC+++
                  | Int-5 Dex-4} (You found it on level 4 of the Dungeon)
  1605 | D:4      | Reached XP level 3. HP: 18/18 MP: 8/8
  1674 | D:4      | Reached XP level 4. HP: 23/23 MP: 9/9
  1703 | D:4      | HP: 1/23 [hound (4)]
  1710 | D:4      | Slain by a hound

Skill      XL: |  1  2  3  4 |
---------------+-------------+-----
Stealth        | 1 2 3 |  3.6
Spellcasting   | 3 |  3.1
Dodging        | 4 |  4.6
Fighting       | 2 |  2.1
Short Blades   | 3 |  3.2
Polearms       | |  0.5
Throwing       | |  1.1
Translocations | |  4.4

Action                   |  1- 3 |  4- 6 || total
-------------------------+-------+-------++-------
Melee: Short sword       |    86 |       ||    86
       Trident           |    10 |    21 ||    31
 Stab: Sleeping          |     3 |       ||     3
Armor: Robe              |     4 |     2 ||     6
Dodge: Dodged            |    64 |    26 ||    90
